 Dungeon Sprint DCSS version 0.17-a0-1667-g4ca74a1 (webtiles) character file.

912 Kidiri the Covert (level 7, -9/32 HPs)
             Began as a Spriggan Enchanter on Aug 17, 2015.
             Mangled by an elephant (17 damage)
             ... in the Dungeon (Sprint II: "The Violet Keep of Menkaure").
             The game lasted 00:06:23 (1003 turns).

Kidiri the Covert (Spriggan Enchanter)              Turns: 1003, Time: 00:06:23

Health: -9/32      AC: -1    Str:  4    XL:     7   Next: 82%
Magic:  18/21      EV: 28    Int: 17    God:
Gold:   593        SH:  0    Dex: 18    Spells: 5 memorised, 13 levels left

rFire  . . .     SeeInvis +     a - +1 dagger
rCold  . . .     Clarity  .     k - +1 robe "Zaeggiv" {+Inv}
rNeg   . . .     SustAt   .     (shield restricted)
rPois  .         Gourm    .     (helmet restricted)
rElec  .         Spirit   .     (no cloak)
rCorr  .         Warding  .     (gloves unavailable)
rMut   .         NoTele   +     (boots unavailable)
MR     +....                    (no amulet)
Stlth  ++++++....               (no ring)
                                (no ring)

@: corroded equipment, very quick, somewhat resistant to hostile enchantments,
very stealthy
A: unfitting armour, see invisible, herbivore 3, speed 3, slow metabolism 2
a: Evoke Invisibility


You were in the Dungeon.
You were not hungry.

You visited 1 branch You collected 729 gold pieces.
You spent 136 gold pieces at shops.

Inventory:

Hand weapons
 a - a +1 dagger (weapon)
Armour
 b - a +1 robe
 k - the +1 robe "Zaeggiv" (worn) {+Inv}
   (You bought it in a shop in the Dungeon)

   It lets you turn invisible.
Scrolls
 j - a scroll of blinking
Potions
 e - a potion of curing
 f - a potion of heal wounds
 g - a potion of haste
 h - 2 potions of magic
 i - a potion of berserk rage
Books
 c - a book of Maledictions

   Spells                             Type                      Level
   a - Corona                         Hexes                        1
   b - Ensorcelled Hibernation        Hexes/Ice                    2
   c - Confuse                        Hexes                        3
   d - Tukima's Dance                 Hexes                        3
   e - Dazzling Spray                 Conjuration/Hexes            3
Comestibles
 d - a bread ration


   Skills:
 + Level 6.0 Short Blades
 * Level 11.3 Dodging
 * Level 12.6 Stealth
 * Level 9.8 Spellcasting
 + Level 3.4 Conjurations
 + Level 7.6 Hexes
 + Level 3.9 Ice Magic
 + Level 0.0 Evocations


You had 13 spell levels left.
You knew the following spells:

 Your Spells              Type           Power        Failure   Level  Hunger
a - Corona                Hex            ####...      1%          1    None
b - Ensorcelled Hibernat  Hex/Ice        ####..       1%          2    None
c - Confuse               Hex            ####....     1%          3    None
d - Tukima's Dance        Hex            ####....     1%          3    None
e - Dazzling Spray        Conj/Hex       ####....     2%          3    None


Dungeon Overview and Level Annotations

Branches:
Dungeon (1/1)

Altars:

Shops:
D :%!(:?([}!!=[:=%

Annotations:
D exclusion: oklob plant, Kirke


Innate Abilities, Weirdness & Mutations

You are tiny and cannot use many weapons and most armour.
You have supernaturally acute eyesight.
You are a herbivore.
You cover ground extremely quickly.
You need consume almost no food.


Message History

The kobold demonologist is dazzled.
The kobold demonologist completely misses you.
The elephant misses you. x2
The rust devil hits you. The rust devil corrodes you!
An iron elemental comes into view.
Unknown command.
You completely miss the kobold demonologist.
The kobold demonologist is lightly wounded.
The kobold demonologist misses you.
Unknown command.
You catch the helpless kobold demonologist completely off-guard!
You impale the kobold demonologist!!
The kobold demonologist is almost dead.
The elephant tramples you!
* * * LOW HITPOINT WARNING * * *
You stumble backwards!
The rust devil misses you.
You hit the rust devil but do no damage.
The elephant tramples you!
Ouch! That really hurt!
You die...

§§§§≈§≈≈S # §§S§§§§§
..#### §§§§≈§§ ...≈##
§S§≈
############≈E#+++#+++#
###########≈≈≈.........
##.....∩.∩#≈≈≈≈%##'##..
##....∩.∩.#≈≈≈≈###.###
##...∩@∩..#≈≈≈≈#..#..#
##..∩.Y4..#≈≈####.#.###
##.⌠.∩....#≈##.###'###.
##..∩.∩.K.#≈#...##.##.#
##...∩.∩..'≈+###'.<.'##
##....∩.∩.#≈#...##.##.#
#▓▓▓▓▓▓▓###≈##.###'###.
##YHH######≈≈####.).###
#YYH#$ ##≈≈≈#..#..#


You could see an iron elemental, an elephant, a rust devil, a kobold
demonologist (blind), a yak and 2 hippogriffs.

Vanquished Creatures
  2 boulder beetles (D)
  2 hippogriffs (D)
  A crocodile (D)
  4 worker ants (D)
9 creatures vanquished.

Vanquished Creatures (collateral kills)
  A siren (D)
1 creature vanquished.

Grand Total: 10 creatures vanquished

Notes
Turn   | Place    | Note
--------------------------------------------------------------
     0 | D        | Kidiri the Spriggan Enchanter began the quest for the Orb.
     0 | D        | Reached XP level 1. HP: 9/9 MP: 5/5
     1 | D        | Noticed a worker ant
     1 | D        | Noticed a worker ant
     1 | D        | Noticed a worker ant
     1 | D        | Noticed a worker ant
     4 | D        | Noticed a boulder beetle
     4 | D        | Noticed a boulder beetle
     8 | D        | Noticed a hippogriff
     8 | D        | Noticed a hippogriff
    11 | D        | Noticed a siren
    18 | D        | Killed a worker ant
    18 | D        | Reached skill level 6 in Stealth
    18 | D        | Reached XP level 2. HP: 13/13 MP: 6/8
    19 | D        | Killed a worker ant
    19 | D        | Reached skill level 5 in Dodging
    19 | D        | Reached XP level 3. HP: 16/16 MP: 7/10
    49 | D        | Learned a level 3 spell: Tukima's Dance
    52 | D        | Learned a level 2 spell: Ensorcelled Hibernation
    56 | D        | Learned a level 3 spell: Confuse
    57 | D        | Killed a worker ant
    57 | D        | Reached skill level 7 in Stealth
    57 | D        | Reached skill level 5 in Spellcasting
    59 | D        | Killed a worker ant
    59 | D        | Reached skill level 5 in Hexes
    59 | D        | Reached skill level 1 in Ice Magic
    59 | D        | Reached XP level 4. HP: 21/21 MP: 10/12
    72 | D        | Learned a level 3 spell: Dazzling Spray
   376 | D        | Killed a hippogriff
   376 | D        | Reached skill level 8 in Dodging
   376 | D        | Reached skill level 9 in Stealth
   376 | D        | Reached skill level 1 in Conjurations
   376 | D        | Reached XP level 5. HP: 17/24 MP: 10/15
   473 | D        | Killed a hippogriff
   473 | D        | Reached skill level 10 in Stealth
   473 | D        | Reached XP level 6. HP: 28/28 MP: 14/18
   523 | D        | Killed a siren
   523 | D        | Reached skill level 5 in Short Blades
   523 | D        | Reached skill level 10 in Dodging
   523 | D        | Reached skill level 11 in Stealth
   803 | D        | Killed a boulder beetle
   803 | D        | Reached skill level 12 in Stealth
   803 | D        | Reached XP level 7. HP: 32/32 MP: 11/20
   875 | D        | Killed a boulder beetle
   951 | D        | Noticed a lava snake
   951 | D        | Noticed a lava snake
   952 | D        | Noticed a lava snake
   953 | D        | Noticed a lava snake
   953 | D        | Noticed a crocodile
   954 | D        | Found Zaekh's Food Shoppe.
   954 | D        | Noticed Kirke
   954 | D        | Noticed a kobold demonologist
   954 | D        | Noticed a yaktaur captain
   955 | D        | Killed a crocodile
   956 | D        | Found Monuet's Book Shoppe.
   956 | D        | Found Hoeliati's Jewellery Emporium.
   956 | D        | Noticed a centaur warrior
   959 | D        | Noticed a skeletal warrior
   964 | D        | Found Wuthron's Jewellery Shoppe.
   964 | D        | Found Fotupreo's Distillery.
   964 | D        | Found Imimaor's Antique Armour Shoppe.
   965 | D        | Noticed an orange demon
   965 | D        | Found Omerutir's Antique Armour Shoppe.
   965 | D        | Found Fikazot's Antique Weapon Emporium.
   965 | D        | Found Qokes's Gadget Emporium.
   965 | D        | Found Tazep's Distillery.
   966 | D        | Found Kohusous's Book Shoppe.
   966 | D        | Found Towaetei's Weapon Emporium.
   966 | D        | Found Bugreon's Magic Scroll Emporium.
   967 | D        | Noticed an elephant
   967 | D        | Found Xususext's Distillery.
   967 | D        | Found Humaidom's Food Emporium.
   967 | D        | Noticed a hippogriff
   967 | D        | Noticed a hippogriff
   971 | D        | Noticed an oklob plant
   972 | D        | Noticed a yak
   972 | D        | Found Juneh's Book Shoppe.
   972 | D        | Noticed a hippogriff
   972 | D        | Noticed a yak
   973 | D        | Noticed a yak
   990 | D        | Bought a slimy robe for 136 gold pieces
   999 | D        | Noticed a rust devil
  1000 | D        | Identified the +1 robe "Zaeggiv" {+Inv} (You bought it in a shop in the Dungeon)
  1001 | D        | Noticed an iron elemental
  1003 | D        | Mangled by an elephant

Vault maps used:
D:        the_violet_keep_of_menkaure

Action                   |  1- 3 |  4- 6 |  7- 9 || total
-------------------------+-------+-------+-------++-------
Melee: Dagger            |     4 |     5 |     5 ||    14
 Cast: Tukima's Dance    |       |     9 |       ||     9
       Ensorcelled Hiber |       |     7 |     1 ||     8
       Dazzling Spray    |       |     1 |     3 ||     4
 Stab: Sleeping          |     4 |     3 |     2 ||     9
       Invisible         |       |     1 |     1 ||     2
